 Dungeon Crawl Stone Soup version 0.24.0-123-gd5b16e6ec5 (webtiles) character file.

Game seed: 4011907832830080819, levelgen mode: deterministic

15588 Devam the Shield-Bearer (level 12, -1/86 HPs)
             Began as a Mummy Wizard on Dec 31, 2019.
             Was an Initiate of Gozag.
             Slain by a spiny frog (14 damage)
             ... on level 2 of the Lair of Beasts.
             The game lasted 01:56:25 (28602 turns).

Devam the Shield-Bearer (Mummy Wizard)             Turns: 28602, Time: 01:56:26

Health: -1/86      AC: 11    Str: 10    XL:     12   Next: 2%
Magic:  3/30       EV: 10    Int: 21    God:    Gozag
Gold:   1260       SH:  6    Dex: 12    Spells: 2/23 levels left

rFire    . . .     SeeInvis .   v - +4 whip
rCold    + . .     Gourm    .   k - +0 buckler
rNeg     + + +     Faith    .   r - +2 ring mail {rF+}
rPois    ∞         Spirit   .   q - +2 helmet
rElec    .         Reflect  .   (no cloak)
rCorr    .         Harm     .   (no gloves)
MR       +....                  (no boots)
Stlth    +.........             (no amulet)
HPRegen  0.24/turn              a - ring of magical power
MPRegen  0.22/turn              (no ring)

@: gold aura, very slightly contaminated
A: no food or potions, fire vulnerability, cold resistance 1, negative energy
resistance 3, torment resistance, unbreathing
a: Potion Petition, Call Merchant, Bribe Branch, Renounce Religion


You were on level 2 of the Lair of Beasts.
You worshipped Gozag.
Gozag was most pleased with you.
You were not hungry.

You visited 2 branches of the dungeon, and saw 13 of its levels.

You collected 2565 gold pieces.
You spent 240 gold pieces at shops.
You paid 1065 gold pieces to Gozag.

Inventory:

Hand Weapons
 v - a +4 whip (weapon)
Missiles
 c - 369 stones (quivered)
 i - 11 boomerangs
Armour
 j - the +0 shield "Fiylinoa" {MR+}
   (You found it on level 1 of the Lair of Beasts)

   It affects your resistance to hostile enchantments.
 k - a +0 buckler (worn)
 q - a +2 helmet (worn)
 r - a +2 ring mail of fire resistance (worn)
Jewellery
 a - a ring of magical power (left hand)
 p - an uncursed ring of ice
Wands
 b - a wand of random effects (17)
 l - a wand of flame (28)
 t - a wand of iceblast (7)
 w - a wand of enslavement (11)
Scrolls
 d - 6 scrolls of identify {@r1}
 e - 4 scrolls of immolation
 f - 3 scrolls of magic mapping
 g - 2 scrolls of teleportation
 h - 10 scrolls of remove curse {@r2}
 m - 3 scrolls of blinking
 n - a scroll of vulnerability
 o - a scroll of fog
 s - a scroll of amnesia
Miscellaneous
 u - a lamp of fire


   Skills:
 - Level 5.5 Fighting
 - Level 5.1 Maces & Flails
 - Level 6.0 Armour
 - Level 1.5 Dodging
 - Level 1.5 Stealth
 + Level 7.9 Shields
 - Level 6.0 Spellcasting
 + Level 7.3 Conjurations
 - Level 2.1 Charms
 - Level 2.0 Summonings
 - Level 3.0 Translocations
 + Level 3.5 Fire Magic
 + Level 3.6 Air Magic
 - Level 3.0 Poison Magic


You had 2 spell levels left.
You knew the following spells:

 Your Spells              Type           Power        Failure   Level  Hunger
a - Throw Flame           Conj/Fire      ####..       3%          2    N/A
b - Blink                 Tloc           N/A          10%         2    N/A
c - Shock                 Conj/Air       ####         2%          1    N/A
d - Conjure Flame         Conj/Fire      ####....     7%          3    N/A
e - Mephitic Cloud        Conj/Pois/Air  ####....     10%         3    N/A
f - Poisonous Vapours     Pois/Air       ###...       9%          2    N/A
g - Swiftness             Chrm/Air       ###.....     11%         2    N/A
i - Call Imp              Summ           ##......     14%         2    N/A
j - Airstrike             Air            ###.......   45%         4    N/A

Your spell library contained the following spells:

 Spells                   Type           Power        Failure   Level  Hunger
 Magic Dart               Conj           ####         1%          1    N/A
 Flame Tongue             Conj/Fire      ####.        2%          1    N/A
 Infusion                 Chrm           ###.         9%          1    N/A
 Slow                     Hex            #.......     32%         2    N/A
 Sticks to Snakes         Tmut           #.......     32%         2    N/A
 Static Discharge         Conj/Air       ####....     7%          3    N/A
 Sticky Flame             Conj/Fire      ####....     24%         4    N/A
 Inner Flame              Hex/Fire       ##......     32%         3    N/A
 Vampiric Draining        Necr           #.........   54%         3    N/A
 Fireball                 Conj/Fire      ####......   54%         5    N/A
 Lightning Bolt           Conj/Air       ####......   54%         5    N/A
 Agony                    Necr           #.......     99%         5    N/A
 Death Channel            Necr           #.........   100%        6    N/A
 Freezing Cloud           Conj/Ice/Air   ###.......   100%        6    N/A
 Ring of Flames           Chrm/Fire      ###.......   100%        7    N/A
 Beastly Appendage        Tmut           Unusable     N/A         1    N/A
 Sublimation of Blood     Necr           Unusable     N/A         2    N/A
 Spider Form              Tmut/Pois      Unusable     N/A         3    N/A
 Ice Form                 Ice/Tmut       Unusable     N/A         4    N/A
 Blade Hands              Tmut           Unusable     N/A         5    N/A

Dungeon Overview and Level Annotations

Branches:
Dungeon (11/15)            Temple (0/1) D:7            Lair (2/6) D:8
  Swamp: Lair:2-4    Shoals: Lair:2-4     Snake: Lair:2-4    Spider: Lair:2-4
    Orc: D:9-12

Altars:
Ashenzari
Cheibriados
Fedhas
Gozag
Kikubaaqudgha
Nemelex Xobeh
Okawaru
Ru
Uskayaw
Wu Jian
Xom
Yredelemnul
Zin

Shops:
D:8 (   D:11 *

Annotations:
D:8 diiiiiane's ghost, journeyman OpAs


Innate Abilities, Weirdness & Mutations

You do not eat or drink.
Your flesh is vulnerable to fire.
You are immune to poison.
Your flesh is cold resistant. (rC+)
You are immune to negative energy. (rN+++)
You are immune to unholy pain and torment.
You can survive without breathing.


Message History

The spiny frog closely misses you.
Casting: Throw Flame (safe; 3% risk of failure)
Confirm with . or Enter, or press ? or * to list all spells.
Aiming: Throw Flame (safe; 3% risk of failure)
Press: ? - help, Shift-Dir - straight line, f/p - spiny frog
Aim: a spiny frog (severely wounded)
The puff of flame hits the spiny frog.
The spiny frog is severely wounded.
The spiny frog stings you but does no damage.
Casting: Throw Flame (safe; 3% risk of failure)
Confirm with . or Enter, or press ? or * to list all spells.
You miscast Blink.
You are very lightly contaminated with residual magic.
Your skin tingles.
The spiny frog stings you!
* * * LOW HITPOINT WARNING * * *
Casting: Blink (safe; 10% risk of failure)
Confirm with . or Enter, or press ? or * to list all spells.
You miscast Blink.
You spin around.
The spiny frog stings you!
You die...
Your body crumbles into a pile of gold.

.+#.........
..............P
...............P#
..#.............# ...
...............P# ....
................#######....
..#........#.....##P.#.....
.......#.##................
.........F@................
.........#######...........
........## #...<.#####
........## #....##
###..P..P# # #....#
.....P..##.#..#......#
.....#......S.......##
...#.P..............P
........##(###....... $


You could see a spiny frog.

Vanquished Creatures
  2 two-headed ogres (D:10)
  Nergalle (Lair:1)
  A lindwurm (Lair:1)
  An ugly thing (D:10)
  2 black mambas (Lair:1)
  A spiny frog (Lair:1)
  4 kobold demonologists
  A komodo dragon (Lair:1)
  A rime drake (Lair:1)
  2 trolls
  4 hornets (D:8)
  3 blink frogs (Lair:1)
  4 hippogriffs
  A spriggan (Lair:1)
  2 wyverns
  7 yaks
  Grum (D:11)
  2 hungry ghosts
  Duvessa (D:6)
  3 water moccasins
  A porcupine (Lair:1)
  4 orc warriors
  6 sky beasts
  3 necrophages
  4 phantoms
  2 ogres
  3 wolves
  A crocodile (Lair:1)
  A centaur (D:6)
  4 bullfrogs
  2 big kobolds
  Blork the orc (D:4)
  Dowan (D:6)
  4 scorpions
  5 killer bees
  7 wights
  3 crimson imps
  2 centaur zombies
  5 jellies
  7 hounds
  A quasit (D:8)
  A gnoll shaman (D:8)
  A bullfrog zombie (D:6)
  3 centaur skeletons
  5 orc priests
  3 bullfrog skeletons
  13 orc wizards
  4 iguanas
  9 worker ants
  A hound skeleton (D:11)
  2 howler monkey skeletons
  3 worker ant zombies
  6 gnolls
  11 adders
  A shadow imp (D:6)
  12 white imps (D:11)
  3 oozes
  4 worms
  A dart slug (D:2)
  3 leopard geckos
  40 orcs
  8 giant cockroaches
  6 goblins
  7 hobgoblins
  3 jackals
  7 quokkas
  2 ball pythons
  15 bats
  9 frilled lizards
  A giant cockroach zombie (D:5)
  11 kobolds
  A quokka skeleton (D:6)
  A quokka zombie (D:5)
  6 rats
314 creatures vanquished.

Vanquished Creatures (collateral kills)
  A water moccasin (D:5)
  An ogre (D:3)
  A bullfrog (D:4)
  A killer bee (D:7)
  2 crimson imps
  Terence (D:3)
  A worker ant (D:5)
8 creatures vanquished.

Vanquished Creatures (others)
  A human (D:7)
  A fungus (Lair:1)
2 creatures vanquished.

Grand Total: 324 creatures vanquished

Notes
Turn   | Place    | Note
-------+----------+-------------------------------------------
     0 | D:1      | Devam the Mummy Wizard began the quest for the Orb.
     0 | D:1      | Reached XP level 1. HP: 13/13 MP: 5/5
    34 | D:1      | Reached skill level 1 in Conjurations
   122 | D:1      | Reached XP level 2. HP: 19/19 MP: 1/7
   912 | D:1      | Learned a level 2 spell: Blink
   915 | D:1      | Learned a level 2 spell: Call Imp
  1394 | D:2      | Reached XP level 3. HP: 24/24 MP: 5/8
  2085 | D:2      | Learned a level 3 spell: Conjure Flame
  2363 | D:3      | Found a blossoming altar of Fedhas.
  2425 | D:3      | Noticed Terence
  2532 | D:3      | Killed Terence
  2532 | D:3      | Reached XP level 4. HP: 27/30 MP: 0/10
  2750 | D:3      | Found a hide-covered altar of Uskayaw.
  2819 | D:3      | Found an iron altar of Okawaru.
  3021 | D:3      | Noticed an ogre
  3035 | D:3      | Killed an ogre
  3035 | D:3      | Reached skill level 1 in Maces & Flails
  3167 | D:3      | Reached XP level 5. HP: 35/35 MP: 5/11
  3174 | D:3      | Found a shattered altar of Ashenzari.
  3175 | D:3      | Found a sacrificial altar of Ru.
  3175 | D:3      | Found an opulent altar of Gozag.
  3175 | D:3      | Found a sparkling altar of Nemelex Xobeh.
  3213 | D:3      | Became a worshipper of Gozag Ym Sagoz the Greedy
  3314 | D:3      | Learned a level 3 spell: Mephitic Cloud
  3408 | D:4      | Noticed Blork the orc
  3725 | D:4      | Reached skill level 1 in Summonings
  3725 | D:4      | Reached skill level 1 in Translocations
  3807 | D:4      | Found a snail-covered altar of Cheibriados.
  3938 | D:4      | Reached XP level 6. HP: 27/41 MP: 3/12
  4660 | D:5      | Entered Level 5 of the Dungeon
  5599 | D:5      | Reached skill level 1 in Fire Magic
  5599 | D:5      | Reached skill level 1 in Air Magic
  5599 | D:5      | Reached skill level 1 in Poison Magic
  6128 | D:5      | Found a shimmering altar of Xom.
  6144 | D:5      | Reached XP level 7. HP: 46/46 MP: 6/13
  6778 | D:6      | Noticed Duvessa
  7459 | D:6      | Reached skill level 1 in Shields
  8854 | D:6      | Identified the Disquisition on Doomed Augmentations
  8862 | D:6      | Learned a level 2 spell: Swiftness
  9080 | D:6      | Found an ornate altar of the Wu Jian Council.
  9390 | D:6      | Reached XP level 8. HP: 39/52 MP: 5/14
  9425 | D:6      | Noticed Dowan
 10116 | D:6      | Found an ancient bone altar of Kikubaaqudgha.
 10835 | D:7      | Reached skill level 1 in Charms
 11835 | D:7      | Reached skill level 5 in Conjurations
 12753 | D:7      | Found a staircase to the Ecumenical Temple.
 13085 | D:7      | Reached XP level 9. HP: 48/57 MP: 4/15
 13198 | D:7      | Found an ancient bone altar of Kikubaaqudgha.
 13243 | D:7      | Reached skill level 1 in Fighting
 14049 | D:8      | Found a glowing silver altar of Zin.
 14365 | D:8      | Found a shimmering altar of Xom.
 14414 | D:8      | Noticed a fire dragon
 14756 | D:8      | Reached skill level 5 in Fighting
 15234 | D:8      | Reached skill level 5 in Spellcasting
 15435 | D:8      | Found a staircase to the Lair.
 15560 | D:8      | Found a basalt altar of Yredelemnul.
 16064 | D:8      | Reached skill level 1 in Armour
 16129 | D:9      | Reached XP level 10. HP: 74/74 MP: 6/17
 17625 | D:10     | Entered Level 10 of the Dungeon
 18766 | D:10     | Reached skill level 5 in Armour
 19579 | D:10     | Found a shimmering altar of Xom.
 19991 | D:11     | Noticed Grum
 20060 | D:11     | Noticed a two-headed ogre
 20060 | D:11     | Noticed a two-headed ogre
 20070 | D:11     | Noticed a sun demon
 20203 | Lair:1   | Entered Level 1 of the Lair of Beasts
 21013 | Lair:1   | Noticed a black mamba
 21026 | Lair:1   | Killed a black mamba
 21026 | Lair:1   | Reached XP level 11. HP: 30/80 MP: 18/18
 21501 | Lair:1   | Noticed Nergalle
 21506 | Lair:1   | Found a large runed translucent door.
 21506 | Lair:1   | Found a large runed translucent door.
 21538 | Lair:1   | Reached skill level 5 in Maces & Flails
 21728 | Lair:1   | Noticed diiiiiane's ghost (journeyman OpAs)
 21737 | Lair:1   | Got a transparent shield
 21753 | Lair:1   | Identified the cursed +0 shield "Fiylinoa" {MR+} (You found
                  | it on level 1 of the Lair of Beasts)
 21831 | Lair:1   | Noticed a lindwurm
 22178 | Lair:1   | Learned a level 2 spell: Throw Flame
 23156 | D:10     | Reached skill level 5 in Shields
 23606 | D:10     | Killed a two-headed ogre
 23730 | D:10     | Killed a two-headed ogre
 24589 | D:11     | Killed Grum
 24886 | D:11     | Learned a level 2 spell: Poisonous Vapours
 25381 | D:11     | Learned a level 1 spell: Shock
 25531 | D:11     | Noticed a green ugly thing
 25696 | D:10     | Killed a green ugly thing
 26038 | D:11     | Noticed a soul eater
 26287 | D:11     | Found Cunaits's General Store.
 26423 | D:11     | Bought an uncursed ring of magical power for 240 gold
                  | pieces
 26682 | D:6      | Killed Dowan
 26705 | D:6      | Killed Duvessa
 26917 | D:4      | Killed Blork the orc
 27235 | Lair:1   | Killed a lindwurm
 27369 | Lair:1   | Noticed a spectral orc warlord
 27372 | Lair:1   | Killed Nergalle
 27498 | Lair:1   | Reached XP level 12. HP: 40/86 MP: 7/21
 28554 | Lair:1   | Learned a level 4 spell: Airstrike
 28602 | Lair:2   | Slain by a spiny frog

Levels and vault maps discovered:
D:1:      dpeg_arrival_rooms_b, layout_loops_ring
D:2:      layout_loops_ring, minmay_pentomino_q2
D:3:      layout_basic, nicolae_overflow_crystal_walls,
          chequers_temple_overflow_statue_of_worship, old_standard_altar,
          marbit_many_paths, first_ration, uniq_terence
D:4:      layout_cave_pools, old_standard_altar, uniq_blork_the_orc
D:5:      layout_basic, basic_altar
D:6:      layout_cave_pools, lemuel_round_altar, lemuel_crystal_altar,
          uniq_duvessa
D:7:      layout_loops_corners, minmay_temple_entry_mini_moons,
          tgw_kikubaaqudgha
D:8:      layout_basic, xom_teletrap_fun, kennysheep_little_box,
          lemuel_coloured_pillars_altar, minmay_lair_entry_lava,
          hangedman_pestilent_swarm, minmay_misc_feat_more_columns, st_stairs_1
D:9:      layout_gridville
D:10:     layout_roguey, basic_altar
D:11:     layout_roguey, portal_ice_cave_entry_imps, serial_shops, shop,
          uniq_grum
Lair:1:   layout_regular_city, ebering_ghost_disaster_area, roderic_batcave,
          grunt_forest_large_clearing_hut, uniq_nergalle
Lair:2:   layout_chaotic_city, guppyfry_snake_entry_island

Skill      XL: |  1  2  3  4  5  6  7  8  9 10 11 |
---------------+----------------------------------+-----
Conjurations   | 1 2 3 5 7 |  7.3
Maces & Flails | 1 2 4 5 |  5.1
Summonings     | 1 2 |  2.0
Translocations | 1 2 3 |  3.0
Fire Magic     | 1 2 3 |  3.5
Air Magic      | 1 2 3 |  3.6
Poison Magic   | 1 2 3 |  3.0
Shields        | 3 4 7 |  7.9
Charms         | 1 2 |  2.1
Fighting       | 5 |  5.5
Spellcasting   | 5 6 |  6.0
Armour         | 1 5 6 |  6.0
Dodging        | |  1.5
Stealth        | |  1.5

Action                   |  1- 3 |  4- 6 |  7- 9 | 10-12 || total
-------------------------+-------+-------+-------+-------++-------
Melee: Unarmed           |     1 |       |       |       ||     1
       Dagger            |    34 |       |       |       ||    34
       Whip              |     2 |    21 |   226 |   499 ||   748
Throw: Stone             |       |       |       |     2 ||     2
 Cast: Magic Dart        |   131 |   188 |   459 |   256 ||  1034
       Call Imp          |     2 |    11 |    14 |       ||    27
       Blink             |       |     6 |     5 |    20 ||    31
       Mephitic Cloud    |       |     1 |    50 |    63 ||   114
       Conjure Flame     |       |       |    16 |    41 ||    57
       Throw Flame       |       |       |       |   147 ||   147
       Shock             |       |       |       |    74 ||    74
       Poisonous Vapours |       |       |       |     3 ||     3
Invok: Potion Petition   |       |     1 |     1 |       ||     2
       Call Merchant     |       |       |       |     1 ||     1
Evoke: Wand              |       |       |       |     1 ||     1
  Use: Scroll            |     4 |     5 |    14 |     7 ||    30
 Stab: Confused          |       |       |    11 |    29 ||    40
       Paralysed         |       |       |     2 |       ||     2
       Sleeping          |       |       |     2 |       ||     2
Armor: Robe              |    14 |     4 |    82 |     6 ||   106
       Ring mail         |       |       |       |   210 ||   210
Dodge: Dodged            |    47 |    37 |   184 |   288 ||   556
Block: Buckler           |       |       |    66 |   132 ||   198
